 Dungeon Crawl Stone Soup version 0.28.0-45-g0d030f2227 (webtiles) character file.

Game seed: 16073925109876263843

2563 Peloso the Carver (level 9, -8/78 HPs)
             Began as a Minotaur Fighter on Apr 16, 2022.
             Was an Initiate of Okawaru.
             Mangled by a two-headed ogre
             ... wielding a +0 giant club
              (9 damage)
             ... on level 8 of the Dungeon.
             The game lasted 00:13:21 (7726 turns).

Peloso the Carver (Minotaur Fighter)                Turns: 7726, Time: 00:13:21

Health: -8/78      AC: 14    Str: 22    XL:     9   Next: 31%
Magic:  8/8        EV:  7    Int:  5    God:    Okawaru [......]
Gold:   200        SH:  5    Dex: 13    Spells: 8/8 levels left

rFire   . . .      SeeInvis .   a - +0 long sword
rCold   . . .      Faith    .   c - +0 buckler
rNeg    . . .      Spirit   .   j - +0 plate armour
rPois   .          Reflect  .   (helmet restricted)
rElec   .          Harm     .   (no cloak)
rCorr   .          Rampage  .   (no gloves)
Will    .....                   (no boots)
Stlth   ..........              (no amulet)
HPRegen 0.23/turn               (no ring)
MPRegen 0.11/turn               (no ring)

@: mighty
A: horns 2, retaliatory headbutt
a: Renounce Religion


You were on level 8 of the Dungeon.
You worshipped Okawaru.
Okawaru was noncommittal.
You visited 2 branches of the dungeon, and saw 9 of its levels.
You also visited: Ossuary.

You collected 280 gold pieces.
You spent 80 gold pieces at shops.

Inventory:

Hand Weapons
 a - a +0 long sword (weapon)
Missiles
 n - 2 throwing nets (quivered)
Armour
 b - a +0 scale mail
 c - a +0 buckler (worn)
 j - a +0 plate armour (worn)
Jewellery
 r - a +4 ring of evasion
 t - a ring of fire
Wands
 k - a wand of flame (3)
 o - a wand of polymorph (15)
Scrolls
 e - a scroll of blinking
 f - 4 scrolls of teleportation
 i - a scroll of acquirement
 l - 2 scrolls of immolation
 m - a scroll of silence
 p - 2 scrolls of identify
 u - a scroll of noise {unknown}
 v - a scroll of amnesia {unknown}
 w - a scroll of fear {unknown}
Potions
 d - 3 potions of might
 g - 5 potions of haste
 h - 2 potions of curing
 q - a potion of resistance
 s - a potion of mutation
 x - 4 potions of degeneration {unknown}


   Skills:
 + Level 6.4 Fighting
 + Level 9.7 Long Blades
 + Level 0.2 Throwing
 + Level 9.3 Armour
 + Level 2.5 Dodging
 + Level 0.7 Stealth
 + Level 6.2 Shields
 + Level 0.2 Evocations


You had 8 spell levels left.
You didn't know any spells.
Your spell library contained the following spells:

 Spells                   Type           Power      Damage    Failure   Level
 Magic Dart               Conj           0%         1d3       100%        1
 Sandblast                Erth           0%         2d4       100%        1
 Passwall                 Tmut/Erth      0%         N/A       100%        2
 Searing Ray              Conj           0%         2d4       100%        2
 Stone Arrow              Conj/Erth      0%         3d7       100%        3
 Fulminant Prism          Conj/Hex       0%         3d6       100%        4


Dungeon Overview and Level Annotations

Branches:
Dungeon (8/15)             Temple (1/1) D:7         Ossuary (visited)
   Lair: D:8-11

Altars:
Ashenzari
Dithmenos
Elyvilon
Gozag
Hepliaklqana
Kikubaaqudgha
Makhleb
Nemelex Xobeh
Okawaru
Qazlal
Ru
Sif Muna
Trog
Wu Jian
Xom
Yredelemnul
The Shining One

Shops:
D:2 !   D:3 [((


Innate Abilities, Weirdness & Mutations

You have a pair of horns on your head.
You reflexively headbutt those who attack you in melee.


Message History

You closely miss the human zombie.
The human zombie is lightly damaged.
Unknown command.
You barely miss the human zombie. You headbutt the human zombie.
The human zombie is moderately damaged.
The human zombie hits you.
You slash the human zombie! You headbutt the human zombie.
The human zombie is heavily damaged.
You block the human zombie's attack.
You barely miss the human zombie.
The human zombie is heavily damaged.
The human zombie hits you.
You slash the human zombie!
The human zombie is severely damaged.
You slash the human zombie! You headbutt the human zombie.
You destroy the human zombie!
Okawaru accepts your kill.
Unknown command.
You see here a +3 scale mail.
There is a gate leading back out of this place here.
Welcome back to the Dungeon!
You hear the roar of battle.
There is an entrance to a bailey on this level.
Hurry and find it before the portal closes forever!
You hear the creaking of a very distant portcullis.
There is a collapsed entrance here.
There is an open door here.
Found a scroll labelled VEOZAI EXUEGE.
Found a falchion.
A two-headed ogre comes into view.
It is wielding a +0 giant club and a +0 giant spiked club.
Found a chain mail.
The two-headed ogre shouts in stereo!
You feel very mighty all of a sudden.
Found a stone staircase leading up.
The two-headed ogre hits you with a +0 giant club!!
The two-headed ogre hits you with a +0 giant spiked club!!
* * * LOW HITPOINT WARNING * * *
You slash the two-headed ogre!
The two-headed ogre is lightly wounded.
The two-headed ogre hits you with a +0 giant club!
You die...

,* *,,,,,,......#..#*****,#..# ,*
*,*******#......,,,,,,,#..#
,***,* #.?...#########..# ,,,,,*
#................#*** ,*********
#....###########..... ,,,,,,,,,*
#..).# *##### ****,****#**###.##
*,,,,,,,...<##.##
**,*,*******#[..@#********
,,,*,*******#...O.......,**
,,,,,,,,,...............,,*
****,****####...........,,*******
,,,,,,,,,,* #...........,,*,,,,,*
*,,,,,,**,* ##.#######..,,,,,,,,,
*,,,,,,**,* #.* *,#*,,,,,,,,
*,,,,,,**,* #.* *,**,,,,,,,,
*,,,,,,**,* *,* *,**,,,,,,,,


You could see a two-headed ogre.

Vanquished Creatures
  Grinder (D:3)
  Sigmund (D:3)
  A water moccasin (D:6)
  A black bear (D:6)
  A necrophage (D:5)
  An ice beast (D:7)
  4 centaurs
  Blork the orc (D:5)
  4 bullfrogs
  A water moccasin zombie (D:5)
  A scorpion (D:6)
  A gnoll sergeant (D:7)
  3 killer bees (D:5)
  2 howler monkeys
  2 hounds (D:5)
  4 human zombies (Ossuary)
  2 bullfrog zombies (D:6)
  A jelly (D:6)
  2 orc priests (D:6)
  3 centaur zombies (Ossuary)
  A centaur skeleton (D:5)
  An orc wizard (D:6)
  A killer bee zombie (D:7)
  2 mummies (Ossuary)
  8 gnolls
  12 adders
  An ufetubus (D:6)
  An adder zombie (Ossuary)
  2 dart slugs
  6 orcs
  11 ball pythons
  6 bats
  2 endoplasms
  3 giant cockroaches
  3 goblins
  7 hobgoblins
  5 jackals (D:3)
  5 quokkas
  5 frilled lizards
  9 hobgoblin zombies (Ossuary)
  2 jackal zombies (Ossuary)
  4 kobolds
  5 kobold zombies (Ossuary)
  8 orc zombies (Ossuary)
  4 rats
151 creatures vanquished.

Notes
Turn   | Place    | Note
-------+----------+-------------------------------------------
     0 | D:1      | Peloso the Minotaur Fighter began the quest for the Orb.
     0 | D:1      | Reached XP level 1. HP: 19/19 MP: 0/0
    64 | D:1      | Reached XP level 2. HP: 21/27 MP: 1/1
   134 | D:1      | Found a faded altar of an unknown god.
   894 | D:2      | Found Yblomaym's Distillery.
   907 | D:2      | Reached XP level 3. HP: 27/33 MP: 2/2
  1108 | D:2      | Found a sparkling altar of Nemelex Xobeh.
  1148 | D:2      | Reached skill level 1 in Dodging
  1148 | D:2      | Reached XP level 4. HP: 20/40 MP: 3/3
  1769 | D:3      | Noticed Grinder
  1788 | D:3      | Paralysed by Grinder for 2 turns
  1793 | D:3      | Killed Grinder
  1794 | D:3      | Reached skill level 5 in Long Blades
  1794 | D:3      | Reached skill level 5 in Armour
  1794 | D:3      | Reached XP level 5. HP: 32/47 MP: 4/4
  1794 | D:3      | Reached XP level 6. HP: 36/53 MP: 5/5
  1968 | D:3      | Found Xivon's Armour Shoppe.
  1983 | D:3      | Found Gunutaud's Weapon Emporium.
  2008 | D:3      | Noticed Sigmund
  2475 | D:3      | Killed Sigmund
  2592 | D:3      | Found a basalt altar of Yredelemnul.
  2715 | D:3      | Found Caugukk's Weapon Shop.
  2913 | D:4      | Reached XP level 7. HP: 60/60 MP: 6/6
  3476 | D:4      | Identified a scroll of acquirement
  3559 | D:2      | Bought a potion of mutation for 80 gold pieces
  3605 | D:5      | Entered Level 5 of the Dungeon
  4127 | D:5      | Reached skill level 5 in Fighting
  4245 | D:5      | Noticed Blork the orc
  4255 | D:5      | Killed Blork the orc
  4256 | D:5      | Reached skill level 5 in Shields
  4739 | D:5      | Reached XP level 8. HP: 68/68 MP: 7/7
  5511 | D:6      | Found a glowing golden altar of the Shining One.
  5511 | D:6      | Found a shimmering altar of Xom.
  5515 | D:6      | Found a white marble altar of Elyvilon.
  6525 | D:7      | Identified the +6 war axe of Midnight {chaos, MP-9 Int+4
                  | Stlth+}
  6531 | D:7      | Found a staircase to the Ecumenical Temple.
  6542 | Temple   | Entered the Ecumenical Temple
  6546 | Temple   | Reached XP level 9. HP: 67/75 MP: 8/8
  6578 | Temple   | Became a worshipper of Warmaster Okawaru
  7404 | D:7      | You fall into a shaft and drop 1 floor!
  7450 | D:8      | Found a sand-covered staircase.
  7454 | Ossuary  | Entered an ossuary
  7722 | D:8      | Noticed a two-headed ogre
  7725 | D:8      | HP: 1/78 [two-headed ogre/+0 giant club (28)]
  7726 | D:8      | Mangled by a two-headed ogre

Illustrated notes

Levels and vault maps discovered:
D:1:      psy_arrival_radial02, layout_rooms,
          shapermc_ecumenical_altar_mp_urbaneastern, serial_curves,
          eino_curves_04, eino_curves_04
D:2:      layout_loops_ring, serial_shops, shop, basic_altar,
          minmay_fountain_box
D:3:      layout_basic, mainiacjoe_overflow_alcove_4, serial_shops,
          nicolae_shop_hallway_stairs, nicolae_shop_bloodbath_and_beyond,
          nicolae_diamond_shop, uniq_grinder, uniq_sigmund
D:4:      layout_loops_ring, amcnicky_mini_corridor_feature,
          kennysheep_generic_room_6
D:5:      layout_loops_corners, chequers_serial_rivers_large_a,
          corexii_item_surrounded_by_moat, solitary_fountain, uniq_blork_the_orc
D:6:      layout_rooms, chequers_temple_overflow_statue_of_worship
D:7:      layout_basic, minmay_temple_entry_arrows, serial_shops, shop
D:8:      cheibrodos_steamvent, layout_basic, enter_bailey_5, enter_ossuary_5,
          uniq_erica, uniq_psyche, uniq_maggie
Temple:   compressed_dpeg_circular_temple

Skill      XL: |  1  2  3  4  5  6  7  8  9 |
---------------+----------------------------+-----
Fighting       | 4 5 6 |  6.4
Armour         | 4 5 6 7 8 9 |  9.3
Long Blades    | 3 5 6 7 9 |  9.7
Shields        | 4 5 6 |  6.2
Dodging        | 1 2 |  2.5
Throwing       | |  0.2
Stealth        | |  0.7
Evocations     | |  0.2

Action                   |  1- 3 |  4- 6 |  7- 9 || total
-------------------------+-------+-------+-------++-------
Melee: Long sword        |    75 |    94 |   327 ||   496
       Headbutt          |     7 |    15 |    64 ||    86
Throw: Throwing net      |       |     2 |       ||     2
Evoke: Wand              |       |     2 |       ||     2
  Use: Scroll            |     3 |       |     7 ||    10
       Potion            |       |       |     7 ||     7
Armor: Scale mail        |    44 |       |       ||    44
       Plate armour      |       |    67 |   233 ||   300
Dodge: Dodged            |    50 |    23 |   129 ||   202
Block: Buckler           |    19 |    18 |    90 ||   127
